 Dungeon Crawl Stone Soup version 0.25-a0-592-g443c2f7 (webtiles) character file.

Game seed: 6409200371693236555, levelgen mode: deterministic

189 Auros the Ruffian (level 5, -9/46 HPs)
             Began as a Troll Transmuter on Mar 14, 2020.
             Was an Initiate of Okawaru.
             Mangled by Menkaure (24 damage)
             ... on level 4 of the Dungeon.
             The game lasted 00:11:02 (2863 turns).

Auros the Ruffian (Troll Transmuter)                Turns: 2863, Time: 00:11:03

Health: -9/46      AC:  2    Str: 18    XL:     5   Next: 40%
Magic:  12/14      EV: 18    Int: 10    God:    Okawaru [......]
Gold:   175        SH:  0    Dex: 15    Spells: 0/6 levels left

rFire    . . .     SeeInvis .     - Unarmed
rCold    . . .     Gourm    +   (shield currently unavailable)
rNeg     . . .     Faith    .   (armour currently unavailable)
rPois    x         Spirit   .   (helmet currently unavailable)
rElec    .         Reflect  .   (cloak currently unavailable)
rCorr    .         Harm     .   (gloves unavailable)
MR       .....                  (boots unavailable)
Stlth    ..........             (no amulet)
HPRegen  0.55/turn              e - ring of attention (curse)
MPRegen  0.14/turn              d - ring of magical power

@: spider-form (expiring), lightly drained
A: tiny, unfitting armour, fast metabolism 3, gourmand, regeneration 1
a: End Transformation, Renounce Religion


You were on level 4 of the Dungeon.
You worshipped Okawaru.
Okawaru was noncommittal.
You were completely stuffed.
You were a venomous arachnid creature.
You visited 1 branch of the dungeon, and saw 4 of its levels.

You collected 175 gold pieces.

Inventory:

Missiles
 a - 12 arrows
 l - 10 boomerangs
 m - 3 silver javelins
 n - 51 bolts
 Z - 51 stones (quivered)
Armour
 b - a +0 robe (melded)
 f - a +0 cloak (melded)
Jewellery
 c - an uncursed ring of ice
 d - a ring of magical power (right front leg)
 e - a cursed ring of attention (left front leg)
Scrolls
 i - 2 scrolls of identify
 j - a scroll of noise {unknown}
 o - a scroll of enchant weapon
 p - 3 scrolls of enchant armour {unknown}
 q - a scroll of immolation {unknown}
 r - a scroll of random uselessness {unknown}
 s - a scroll of amnesia {unknown}
 t - a scroll of teleportation
 v - a scroll of magic mapping {unknown}
 w - a scroll of remove curse {unknown}
Potions
 g - 2 potions of heal wounds {unknown}
 h - a potion of lignification {unknown}
 k - a potion of flight
Comestibles
 u - 6 chunks of flesh
 z - 11 rations


   Skills:
 - Level 0.7(0.2) Fighting
 - Level 1.5(1.0) Dodging
 + Level 4.0(3.4) Unarmed Combat
 - Level 1.2(0.7) Spellcasting
 + Level 3.8(3.2) Transmutations


You couldn't memorise any spells.
You knew the following spells:

 Your Spells              Type           Power        Failure   Level  Hunger
a - Beastly Appendage     Tmut           #.....       24%         1    ##.....
b - Spider Form           Tmut/Pois      #.........   71%         3    ####...
c - Sticks to Snakes      Tmut           #.......     32%         2    ###....

Your spell library contained the following spells:

 Spells                   Type           Power        Failure   Level  Hunger
 Ice Form                 Ice/Tmut       #.......     96%         4    #####..
 Blade Hands              Tmut           #.........   99%         5    ######.


Dungeon Overview and Level Annotations

Branches:
Dungeon (4/15)
 Temple: D:4-7

Altars:
Dithmenos
Elyvilon
Nemelex Xobeh
Okawaru
The Shining One

Annotations:
D:4 Menkaure


Innate Abilities, Weirdness & Mutations

You are too large for most types of armour.
((You have claws for hands.))
Your metabolism is lightning-fast.
You like to eat raw meat.
Your natural rate of healing is unusually fast.
((You are covered in fur. (AC +1)))
((You have extremely tough skin. (AC +3)))


Message History

You hit Menkaure but do no damage. Menkaure closely misses you.
You bite Menkaure!
Menkaure is heavily damaged.
Menkaure barely misses you.
You barely miss Menkaure.
Menkaure is heavily damaged.
Menkaure barely misses you.
You hit Menkaure.
Menkaure is heavily damaged.
Menkaure calls on the powers of darkness!
Your body is wracked with pain!
* * * LOW HITPOINT WARNING * * *
You bite Menkaure!
Menkaure is severely damaged.
Menkaure misses you.
You hit Menkaure.
Menkaure is almost destroyed.
Menkaure hits you!!
Ouch! That really hurt!
You die...

..... .....
.....###+#####+
#..............
#..............
#..............
#......M.......
#......s.......
.#.............$
................
####...$..###+#
#......# #......+
#......# #
#....##'####.##. ##
#....#............#


You could see Menkaure.

Vanquished Creatures
  An orc priest (D:3)
  Jessica (D:3)
  Terence (D:3)
  4 adders
  3 worms
  A dart slug (D:3)
  2 leopard geckos
  6 orcs (D:3)
  A ball python (D:3)
  2 giant cockroaches
  5 goblins
  4 hobgoblins
  2 jackals (D:2)
  5 kobolds
  A quokka (D:3)
  8 bats
  4 frilled lizards
  8 rats
59 creatures vanquished.

Notes
Turn   | Place    | Note
-------+----------+-------------------------------------------
     0 | D:1      | Auros the Troll Transmuter began the quest for the Orb.
     0 | D:1      | Reached XP level 1. HP: 18/18 MP: 1/1
   396 | D:1      | Reached XP level 2. HP: 26/26 MP: 2/2
   913 | D:2      | Reached XP level 3. HP: 29/32 MP: 3/3
   918 | D:2      | Learned a level 3 spell: Spider Form
  1873 | D:3      | Found an iron altar of Okawaru.
  1877 | D:3      | Found a white marble altar of Elyvilon.
  1877 | D:3      | Found a shadowy altar of Dithmenos.
  1896 | D:3      | Became a worshipper of Warmaster Okawaru
  1910 | D:3      | Found a sparkling altar of Nemelex Xobeh.
  1913 | D:3      | Found a glowing golden altar of the Shining One.
  2156 | D:3      | Noticed Terence
  2175 | D:3      | Killed Terence
  2175 | D:3      | Reached XP level 4. HP: 26/40 MP: 2/4
  2320 | D:3      | Noticed Jessica
  2325 | D:3      | Killed Jessica
  2522 | D:3      | Reached XP level 5. HP: 46/46 MP: 5/5
  2581 | D:3      | Learned a level 2 spell: Sticks to Snakes
  2795 | D:4      | Reached skill level 4 in Unarmed Combat
  2853 | D:4      | Noticed Menkaure
  2863 | D:4      | Mangled by Menkaure

Levels and vault maps discovered:
D:1:      roderic_dead_forest, layout_basic
D:2:      layout_basic
D:3:      layout_basic, minmay_overflow_temple_star_hex, uniq_jessica,
          uniq_terence
D:4:      layout_gridville, first_ration, vehumet_altar_wand_db, uniq_duvessa,
          uniq_menkaure

Skill      XL: |  1  2  3  4  5 |
---------------+----------------+-----
Transmutations | 2 3 |  3.8
Unarmed Combat | 4 |  4.0
Fighting       | |  0.7
Dodging        | |  1.5
Spellcasting   | |  1.2

Action                   |  1- 3 |  4- 6 || total
-------------------------+-------+-------++-------
Melee: Unarmed           |   109 |    49 ||   158
       Kick              |     2 |     2 ||     4
       Punch             |     2 |       ||     2
       Headbutt          |     2 |     1 ||     3
 Cast: Beastly Appendage |     5 |     6 ||    11
       Spider Form       |     1 |     1 ||     2
  Use: Scroll            |     3 |       ||     3
  Eat: Chunk             |    18 |    15 ||    33
Armor: Robe              |    52 |    22 ||    74
Dodge: Dodged            |    84 |    24 ||   108

Table legend:
 A = Non-vault XP
 B = Vault XP
 C = Vault XP percentage of total XP
 D = Non-vault monster count
 E = Vault monster count
 F = Vault count percentage of total count
                 A         B        C        D         E       F
            +---------+---------+-------+---------+---------+-------
      Total |     198 |      73 |  26.9 |      57 |       2 |   3.4
            +---------+---------+-------+---------+---------+-------
        D:1 |      27 |       0 |   0.0 |      17 |       0 |   0.0
        D:2 |      50 |       0 |   0.0 |      14 |       0 |   0.0
        D:3 |     108 |      73 |  40.3 |      25 |       2 |   7.4
        D:4 |      13 |       0 |   0.0 |       1 |       0 |   0.0
            +---------+---------+-------+---------+---------+-------
